NCAA
MARYLAND TERRAPINS @ FLORIDA STATE SEMINOLES
05/14/2030
 
TOP OF THE 1ST
Maryland Terrapins batting - Pitching for Florida State Seminoles : RHP Lane Schmidt
Pitching: RHP Lane Schmidt
Batting: SHB Philippe Paquin 0-0: Called Strike
0-1: Foul Ball, location: 2F
0-2: Strikes out swinging
Batting: LHB Winston Roberts 0-0: Ball
1-0: Ball
2-0: Ball
3-0: Called Strike
3-1: Foul Ball, location: 2F
3-2: Base on Balls
Batting: SHB Will Allen 0-0: Called Strike
Winston Roberts steals 2nd base
0-1: Ball
1-1: Swinging Strike
1-2: Fly out, F3 (Popup, 3SF)
Batting: RHB Jeff O'Day 0-0: Ball
1-0: Foul Ball, location: 2F
1-1: Foul Ball, location: 2F
1-2: Foul Ball, location: 2F
1-2: Strikes out swinging
Top of the 1st over - 0 runs, 0 hits, 0 errors, 1 left on base; Maryland 0 - Florida State 0
BOTTOM OF THE 1ST
Florida State Seminoles batting - Pitching for Maryland Terrapins : RHP Jeremiah Clark
Pitching: RHP Jeremiah Clark
Batting: LHB Jeff Stevens 0-0: Called Strike
0-1: Foul Ball, location: 2F
0-2: Ball
1-2: Strikes out swinging
Batting: LHB Millard Myers 0-0: Swinging Strike
0-1: Ball
1-1: Called Strike
1-2: Strikes out swinging
Batting: LHB Connor Moss 0-0: Called Strike
0-1: Foul Ball, location: 2F
0-2: Ball
1-2: Strikes out looking
Bottom of the 1st over - 0 runs, 0 hits, 0 errors, 0 left on base; Maryland 0 - Florida State 0
TOP OF THE 2ND
Maryland Terrapins batting - Pitching for Florida State Seminoles : RHP Lane Schmidt
Batting: RHB José Lazu 0-0: Called Strike
0-1: Swinging Strike
0-2: Ball
1-2: Strikes out swinging
Batting: LHB Charlie Johnston 0-0: Fly out, F7 (Flyball, 7LS)
Batting: RHB Kris Brown 0-0: Called Strike
0-1: Ball
1-1: Swinging Strike
1-2: Strikes out looking
Top of the 2nd over - 0 runs, 0 hits, 0 errors, 0 left on base; Maryland 0 - Florida State 0
BOTTOM OF THE 2ND
Florida State Seminoles batting - Pitching for Maryland Terrapins : RHP Jeremiah Clark
Batting: RHB Bill Rice 0-0: Ball
1-0: Ball
2-0: Swinging Strike
2-1: Swinging Strike
2-2: Ball
3-2: Strikes out looking
Batting: RHB Edgar Muńóz 0-0: Swinging Strike
0-1: Foul Ball, location: 2F
0-2: Foul Ball, location: 2F
0-2: Ball
1-2: Ball
2-2: Ball
3-2: Base on Balls
Batting: RHB Quentin Underwood 0-0: Called Strike
Pickoff Throw to First - Out!
0-1: Foul Ball, location: 2F
0-2: Strikes out looking
Bottom of the 2nd over - 0 runs, 0 hits, 0 errors, 0 left on base; Maryland 0 - Florida State 0
TOP OF THE 3RD
Maryland Terrapins batting - Pitching for Florida State Seminoles : RHP Lane Schmidt
Batting: RHB Les McCarty 0-0: Swinging Strike
0-1: Ball
1-1: Foul Ball, location: 2F
1-2: Strikes out swinging
Batting: RHB Ben Barnes 0-0: Ball
1-0: SOLO HOME RUN (Line Drive, 7LD), Distance : 336 ft
Batting: SHB Philippe Paquin 0-0: Ball
1-0: Called Strike
1-1: Swinging Strike
1-2: Ball
2-2: Foul Ball, location: 2F
2-2: Strikes out swinging
Batting: LHB Winston Roberts 0-0: SINGLE (Groundball, 5D)
Batting: SHB Will Allen 0-0: Ball
1-0: Ball
2-0: Ball
Winston Roberts steals 2nd base
3-0: Base on Balls
Batting: RHB Jeff O'Day 0-0: Foul Ball, location: 2F
0-1: Ball
1-1: Ball
2-1: Ball
3-1: Base on Balls
Winston Roberts to third
Will Allen to second
Batting: RHB José Lazu 0-0: Ball
1-0: Foul Ball, location: 2F
1-1: Ball
2-1: Swinging Strike
2-2: Fielders Choice at 2nd, 6-4 (Groundball, 6)
Top of the 3rd over - 1 run, 2 hits, 0 errors, 3 left on base; Maryland 1 - Florida State 0
BOTTOM OF THE 3RD
Florida State Seminoles batting - Pitching for Maryland Terrapins : RHP Jeremiah Clark
Batting: RHB Harry Ray 0-0: Ball
1-0: Ball
2-0: Ground out 5-3 (Groundball, 56)
Batting: RHB Gil Olson 0-0: Called Strike
0-1: Ball
1-1: Ball
2-1: Ball
3-1: SINGLE (Line Drive, 9LM)
Batting: RHB António Costello 0-0: Ball
1-0: Grounds into double play, 6-4-3 (Groundball, 6)
Bottom of the 3rd over - 0 runs, 1 hit, 0 errors, 0 left on base; Maryland 1 - Florida State 0
TOP OF THE 4TH
Maryland Terrapins batting - Pitching for Florida State Seminoles : RHP Lane Schmidt
Batting: LHB Charlie Johnston 0-0: Ball
1-0: Foul Ball, location: 2F
1-1: Ball
2-1: Called Strike
2-2: Ball
3-2: Base on Balls
Batting: RHB Kris Brown 0-0: Foul Ball, location: 2F
0-1: Ball
1-1: Called Strike
1-2: Fly out, F8 (Flyball, 8LD)
Batting: RHB Les McCarty 0-0: Ball
1-0: SINGLE (Line Drive, 7LS)
Charlie Johnston to second
Batting: RHB Ben Barnes 0-0: Ball
1-0: Ball
2-0: Called Strike
2-1: Ball
3-1: Base on Balls
Charlie Johnston to third
Les McCarty to second
Batting: SHB Philippe Paquin 0-0: Ball
1-0: Foul Ball, location: 2F
1-1: Foul Ball, location: 2F
1-2: Ball
2-2: Strikes out swinging
Batting: LHB Winston Roberts 0-0: Ball
1-0: SINGLE (Groundball, 6S) (infield hit)
Charlie Johnston scores
Les McCarty to third
Ben Barnes to second
Batting: SHB Will Allen 0-0: Ball
1-0: Called Strike
1-1: Ball
2-1: Ball
3-1: Ground out 4-3 (Groundball, 34D)
Top of the 4th over - 1 run, 2 hits, 0 errors, 3 left on base; Maryland 2 - Florida State 0
BOTTOM OF THE 4TH
Florida State Seminoles batting - Pitching for Maryland Terrapins : RHP Jeremiah Clark
Batting: LHB Jeff Stevens 0-0: Called Strike
0-1: Swinging Strike
0-2: Ball
1-2: Strikes out swinging
Batting: LHB Millard Myers 0-0: Ball
1-0: Swinging Strike
1-1: Ball
2-1: Ball
3-1: Base on Balls
Batting: LHB Connor Moss 0-0: Ball
1-0: Ball
2-0: Foul Ball, location: 2F
2-1: Foul Ball, location: 2F
2-2: Ball
3-2: Foul Ball, location: 2F
3-2: Foul Ball, location: 2F
3-2: Strikes out looking
Batting: RHB Bill Rice 0-0: Ball
1-0: Foul Ball, location: 2F
1-1: SINGLE (Line Drive, 56D)
Millard Myers to second
Batting: RHB Edgar Muńóz 0-0: Called Strike
0-1: Foul Ball, location: 2F
0-2: SINGLE (Line Drive, 6D)
Millard Myers to third
Bill Rice to second
Throwing error, E7
Millard Myers scores
Bill Rice to third
Edgar Muńóz to second
Batting: RHB Quentin Underwood 0-0: Ball
1-0: Called Strike
1-1: Ball
2-1: Fly out, F3 (Line Drive, 34)
Bottom of the 4th over - 1 run, 2 hits, 1 error, 2 left on base; Maryland 2 - Florida State 1
TOP OF THE 5TH
Maryland Terrapins batting - Pitching for Florida State Seminoles : RHP Lane Schmidt
Pitching: RHP José Carlos Acosta
Batting: RHB Jeff O'Day 0-0: Called Strike
0-1: Ball
1-1: Ball
2-1: Ball
3-1: Base on Balls
Batting: RHB José Lazu 0-0: Grounds into double play, 4-6-3 (Groundball, 4)
Batting: LHB Charlie Johnston 0-0: Foul Ball, location: 2F
0-1: Ball
1-1: Fly out, F9 (Flyball, 9)
Top of the 5th over - 0 runs, 0 hits, 0 errors, 0 left on base; Maryland 2 - Florida State 1
BOTTOM OF THE 5TH
Florida State Seminoles batting - Pitching for Maryland Terrapins : RHP Jeremiah Clark
Batting: RHB Harry Ray 0-0: Called Strike
0-1: Ball
1-1: Fly out, F3 (Popup, 23F)
Batting: RHB Gil Olson 0-0: SINGLE (Flyball, 9LS)
Batting: RHB António Costello 0-0: Foul Ball, location: 2F
0-1: SINGLE (Groundball, 56D)
Gil Olson to second
Batting: LHB Jeff Stevens 0-0: Fly out, F9 (Line Drive, 9)
Batting: LHB Millard Myers 0-0: Swinging Strike
0-1: DOUBLE (Flyball, 89XD)
Gil Olson scores
António Costello to third
Runner from 3rd tries for Home, SAFE, no throw
Batting: LHB Connor Moss 0-0: Called Strike
0-1: Ball
1-1: Swinging Strike
1-2: Ball
2-2: Foul Ball, location: 2F
2-2: Fly out, F9 (Flyball, 9S)
Bottom of the 5th over - 2 runs, 3 hits, 0 errors, 1 left on base; Maryland 2 - Florida State 3
TOP OF THE 6TH
Maryland Terrapins batting - Pitching for Florida State Seminoles : RHP José Carlos Acosta
Batting: RHB Kris Brown 0-0: Ball
1-0: Ground out 1-3 (Groundball, 13S)
Batting: RHB Les McCarty 0-0: Ball
1-0: Ball
2-0: Fly out, F4 (Popup, 4MD)
Batting: RHB Ben Barnes 0-0: Fly out, F4 (Popup, 4)
Top of the 6th over - 0 runs, 0 hits, 0 errors, 0 left on base; Maryland 2 - Florida State 3
BOTTOM OF THE 6TH
Florida State Seminoles batting - Pitching for Maryland Terrapins : RHP Jeremiah Clark
Pitching: LHP Enrico Sánchez
Batting: RHB Bill Rice 0-0: Ground out 4-3 (Groundball, 4M)
Batting: RHB Edgar Muńóz 0-0: Ball
1-0: Called Strike
1-1: Called Strike
1-2: Ground out 4-3 (Groundball, 4S)
Batting: RHB Quentin Underwood 0-0: Ball
1-0: SINGLE (Groundball, 6MD)
Batting: RHB Harry Ray 0-0: Ball
1-0: Fielders Choice at 2nd, 6-4 (Groundball, 6)
Bottom of the 6th over - 0 runs, 1 hit, 0 errors, 1 left on base; Maryland 2 - Florida State 3
TOP OF THE 7TH
Maryland Terrapins batting - Pitching for Florida State Seminoles : RHP José Carlos Acosta
Batting: SHB Philippe Paquin 0-0: Ball
1-0: Foul Ball, location: 2F
1-1: Called Strike
1-2: Strikes out looking
Batting: LHB Winston Roberts 0-0: Ground out 3-1 (Groundball, 34D)
Batting: SHB Will Allen 0-0: Ball
1-0: Called Strike
1-1: Ball
2-1: Ball
3-1: Base on Balls
Batting: RHB Jeff O'Day 0-0: DOUBLE (Line Drive, 89D)
Will Allen to third
Runner from 3rd tries for Home, SAFE, no throw
Batting: RHB José Lazu 0-0: Ball
1-0: Ball
2-0: Ball
3-0: Base on Balls
Batting: LHB Charlie Johnston 0-0: Ball
1-0: Fly out, F2 (Popup, 25F)
Top of the 7th over - 1 run, 1 hit, 0 errors, 2 left on base; Maryland 3 - Florida State 3
BOTTOM OF THE 7TH
Florida State Seminoles batting - Pitching for Maryland Terrapins : LHP Enrico Sánchez
Batting: RHB Gil Olson 0-0: Ball
1-0: Ball
2-0: Ball
3-0: Base on Balls
Batting: RHB António Costello 0-0: Bunted foul
0-1: Bunt missed!
0-2: Ball
1-2: Ball
2-2: Ball
3-2: Base on Balls
Gil Olson to second
Batting: LHB Jeff Stevens 0-0: Called Strike
0-1: Sac Bunt - play at first, batter OUT! 1-4
Gil Olson to third
António Costello to second
Batting: LHB Millard Myers 0-0: Called Strike
0-1: Ball
1-1: Foul Ball, location: 2F
1-2: Fly out, F8 (Flyball, 8LM)
Runner from 3rd tags up, SCORES, throw made
Batting: LHB Connor Moss 0-0: Called Strike
0-1: Called Strike
0-2: Foul Ball, location: 2F
0-2: Ball
1-2: Ball
2-2: Ground out 5-3 (Groundball, 56)
Bottom of the 7th over - 1 run, 0 hits, 0 errors, 1 left on base; Maryland 3 - Florida State 4
TOP OF THE 8TH
Maryland Terrapins batting - Pitching for Florida State Seminoles : RHP José Carlos Acosta
Batting: RHB Kris Brown 0-0: Swinging Strike
0-1: Swinging Strike
0-2: Ball
1-2: Ball
2-2: Foul Ball, location: 2F
2-2: Ball
3-2: Strikes out swinging
Batting: RHB Les McCarty 0-0: Called Strike
0-1: Ball
1-1: Ball
2-1: Foul Ball, location: 2F
2-2: Strikes out looking
Batting: RHB Ben Barnes 0-0: Swinging Strike
0-1: Fly out, F4 (Popup, 13S)
Top of the 8th over - 0 runs, 0 hits, 0 errors, 0 left on base; Maryland 3 - Florida State 4
BOTTOM OF THE 8TH
Florida State Seminoles batting - Pitching for Maryland Terrapins : LHP Enrico Sánchez
Batting: RHB Bill Rice 0-0: Swinging Strike
0-1: Ball
1-1: Ball
2-1: Ball
3-1: Ground out 5-3 (Groundball, 56)
Batting: RHB Edgar Muńóz 0-0: Fly out, F6 (Popup, 6MD)
Batting: RHB Quentin Underwood 0-0: Ball
1-0: Fly out, F4 (Line Drive, 4)
Bottom of the 8th over - 0 runs, 0 hits, 0 errors, 0 left on base; Maryland 3 - Florida State 4
TOP OF THE 9TH
Maryland Terrapins batting - Pitching for Florida State Seminoles : RHP José Carlos Acosta
Batting: SHB Philippe Paquin 0-0: Foul Ball, location: 2F
0-1: Foul Ball, location: 2F
0-2: Ball
1-2: Strikes out swinging
Batting: LHB Winston Roberts 0-0: SINGLE (Line Drive, 8LD)
Batting: SHB Will Allen 0-0: Ball
1-0: Called Strike
1-1: Ball
2-1: SINGLE (Line Drive, 89S)
Winston Roberts to second
Runner from 2nd tries for 3rd, OUT!
Batting: RHB Jeff O'Day 0-0: Called Strike
0-1: Ball
1-1: Ball
2-1: Foul Ball, location: 2F
2-2: Ball
3-2: SINGLE (Flyball, 78S)
Will Allen to second
Will Allen to third
Pitching: RHP Will Stevens
Batting: RHB José Lazu 0-0: Ball
1-0: Called Strike
1-1: Ball
2-1: Ball
3-1: Called Strike
3-2: Base on Balls
Jeff O'Day to second
Batting: LHB Charlie Johnston 0-0: Called Strike
0-1: Ground out 4-3 (Groundball, 4)
Top of the 9th over - 0 runs, 3 hits, 0 errors, 3 left on base; Maryland 3 - Florida State 4
Saturday, April 7th, 2018 - OOTP Baseball 18.8 Build 76